 Dungeon Crawl Stone Soup version 0.26.1-11-gd32895ea62 (webtiles) character file.

Game seed: 5072304939188363673

11948 buriedalive the Spry (level 11, -2/56 HPs)
             Began as a Deep Elf Conjurer on May 26, 2021.
             Was a Priest of Ashenzari.
             Slain by a cane toad (8 damage)
             ... on level 1 of the Lair of Beasts.
             The game lasted 00:28:22 (16810 turns).

buriedalive the Spry (Deep Elf Conjurer)           Turns: 16810, Time: 00:28:22

Health: -2/56      AC:  9    Str:  4    XL:     11   Next: 56%
Magic:  21/26      EV: 21    Int: 27    God:    Ashenzari [***...]
Gold:   432        SH:  0    Dex: 13    Spells: 7/16 levels left

rFire    + . .     SeeInvis +   G - +3 whip (elec) (curse)
rCold    . . .     Faith    .   (no shield)
rNeg     + . .     Spirit   .   H - +2 leather armour {rF+} (curse)
rPois    .         Reflect  .   (no helmet)
rElec    .         Harm     .   a - +0 cloak
rCorr    .         Rampage  .   I - +0 pair of gloves (curse)
Will     +....                  r - +1 pair of boots (curse)
Stlth    ++........             A - amulet of magic regeneration (curse)
HPRegen  0.18/turn              c - ring of magical power (curse)
MPRegen  0.45/turn              C - ring of positive energy

@: lethally poisoned (-2 -> -11)
A: no striking features
a: Renounce Religion, Curse Item, Scrying


You were on level 1 of the Lair of Beasts.
You worshipped Ashenzari.
Ashenzari was most pleased with you.
You visited 3 branches of the dungeon, and saw 13 of its levels.

You collected 641 gold pieces.
You spent 209 gold pieces at shops.

Inventory:

Hand Weapons
 w - a +0 scimitar
 x - a +2 dagger of venom
 E - a +4 flail of venom
 G - a cursed +3 whip of electrocution (weapon)
Missiles
 g - 441 stones
 k - 30 poisoned darts (quivered)
Armour
 a - a +0 cloak (worn)
 r - a cursed +1 pair of boots (worn)
 H - a cursed +2 leather armour of fire resistance (worn)
 I - a cursed +0 pair of gloves (worn)
Jewellery
 c - a cursed ring of magical power (left hand)
 e - an uncursed amulet of faith
 i - a +6 ring of strength
 v - an uncursed amulet of reflection
 z - an uncursed ring of poison resistance
 A - a cursed amulet of magic regeneration (around neck)
 C - a ring of positive energy (right hand)
 D - a +4 ring of slaying
 J - an uncursed ring of fire
 K - an uncursed ring of see invisible
 M - an uncursed ring of protection from cold
Wands
 F - a wand of acid (8)
Scrolls
 b - a scroll of enchant weapon
 d - a scroll of blinking
 h - a scroll of silence {unknown}
 l - a scroll of enchant armour
 m - 2 scrolls of amnesia
 n - 5 scrolls of teleportation
 q - 5 scrolls of magic mapping
 s - 3 scrolls of identify
 t - a scroll of fog
 y - a scroll of acquirement {unknown}
Potions
 f - 2 potions of flight
 j - 2 potions of haste
 o - 2 potions of magic
 p - a potion of might
 u - a potion of berserk rage
 B - a potion of mutation {unknown}
 L - a potion of cancellation {unknown}
 N - a potion of curing


   Skills:
 + Level 1.5 Fighting
 - Level 16.8(18.3) Dodging
 - Level 2.4(4.0) Stealth
 - Level 3.0 Spellcasting
 - Level 12.0(13.6) Conjurations
 + Level 2.5(4.1) Hexes


You had 7 spell levels left.
You knew the following spells:

 Your Spells              Type           Power        Failure   Level
a - Magic Dart            Conj           100%         1%          1
b - Searing Ray           Conj           100%         1%          2
c - Invisibility          Hex            26%          99%         6

Your spell library contained the following spells:

 Spells                   Type           Power        Failure   Level
 Dazzling Flash           Conj/Hex       100%         1%          3
 Corona                   Hex            28%          3%          1
 Fulminant Prism          Conj/Hex       25%          4%          4
 Confusing Touch          Hex            26%          9%          3
 Tukima's Dance           Hex            26%          9%          3
 Iskenderun's Mystic Bla  Conj/Tloc      41%          9%          4
 Ensorcelled Hibernation  Hex/Ice        30%          10%         2
 Apportation              Tloc           10%          14%         1
 Lesser Beckoning         Tloc           2%           41%         3
 Alistair's Intoxication  Tmut/Pois      3%           99%         5


Dungeon Overview and Level Annotations

Branches:
Dungeon (11/15)            Temple (1/1) D:6            Lair (1/6) D:10
    Orc: D:9-12

Altars:
Ashenzari
Cheibriados
Dithmenos
Elyvilon
Fedhas
Gozag
Hepliaklqana
Kikubaaqudgha
Makhleb
Nemelex Xobeh
Okawaru
Qazlal
Ru
Sif Muna
Trog
Uskayaw
Vehumet
Wu Jian
Xom
Yredelemnul
Zin
The Shining One

Shops:
D:5 *[(

Annotations:
D:2 2 transporters
D:7 2 transporters, Zeld's ghost, novice OpTm


Message History

The searing ray hits the cane toad!
The cane toad is lightly wounded.
The cane toad stings you!
You are poisoned.
The cane toad poisons you!
The searing ray hits the cane toad!
The cane toad is heavily wounded.
You feel sick. The cane toad barely misses you.
The searing ray hits the cane toad!
The cane toad is severely wounded.
You finish channeling your searing ray.
You feel sick.
The cane toad stings you but does no damage.
You feel sick. The cane toad stings you!
* * * LOW HITPOINT WARNING * * *
The cane toad misses you.
You hit the cane toad but do no damage.
The cane toad is severely wounded.
* * * LOW HITPOINT WARNING * * *
You feel sick. The cane toad stings you!
You die...

.####P###.......#
........#.......#
.#....#.........#
[...............#
.#...##.#.......#
.#....#F#.......#
.....##.........###
##............###P######
...............F@......#
..............†#P#####.##
.....#........#### #.P#
.....#........# ##<##
##............#######..#
##.............#.#.##..#
..............###......##
....##........# #....##.#
##..##........###....####


You could see a cane toad.

Vanquished Creatures
  Harold (D:10)
  A two-headed ogre (D:9)
  Pikel (D:4)
  An unseen horror (D:10)
  A black mamba (Lair:1)
  2 cane toads (Lair:1)
  2 komodo dragons
  4 blink frogs (Lair:1)
  16 yaks
  A wyvern (D:10)
  2 wraiths (D:10)
  A basilisk (Lair:1)
  Edmund (D:4)
  2 water moccasins
  2 orc warriors
  2 ice beasts
  A sky beast (D:7)
  A necrophage (D:5)
  7 ogres
  4 wolves (Lair:1)
  3 centaurs
  A lemure (D:4)
  3 big kobolds
  5 bullfrogs
  2 water moccasin skeletons
  2 scorpions
  6 killer bees (D:11)
  4 howler monkeys
  2 centaur zombies
  A quasit (D:9)
  4 hounds
  2 jellies
  A bullfrog skeleton (D:9)
  8 orc wizards
  4 orc priests
  A centaur skeleton (D:7)
  3 iguanas
  6 worker ants
  A hound skeleton (D:7)
  3 howler monkey zombies
  A howler monkey skeleton (D:9)
  15 adders
  2 shadow imps
  3 white imps (D:5)
  An ufetubus (D:8)
  4 oozes
  2 worms
  A dart slug (D:5)
  10 leopard geckos
  37 orcs
  2 ball pythons
  4 bats
  10 giant cockroaches
  7 hobgoblins
  6 jackals (D:5)
  2 quokkas
  2 frilled lizards
  4 goblins
  23 kobolds
  2 leopard gecko skeletons
  2 quokka skeletons
  A quokka zombie (D:6)
  7 rats
263 creatures vanquished.

Vanquished Creatures (others)
  A fungus (Lair:1)
  10 plants
11 creatures vanquished.

Grand Total: 274 creatures vanquished

Notes
Turn   | Place    | Note
-------+----------+-------------------------------------------
     0 | D:1      | buriedalive the Deep Elf Conjurer began the quest for the
                  | Orb.
     0 | D:1      | Reached XP level 1. HP: 10/10 MP: 6/6
   272 | D:1      | Reached skill level 3 in Dodging
   272 | D:1      | Reached XP level 2. HP: 15/15 MP: 6/8
   945 | D:1      | Reached skill level 5 in Conjurations
   945 | D:1      | Reached XP level 3. HP: 19/19 MP: 7/9
  1476 | D:2      | Found a transporter.
  1485 | D:2      | Found a transporter.
  1543 | D:2      | Found a basalt altar of Yredelemnul.
  1544 | D:2      | Found a radiant altar of Vehumet.
  1548 | D:2      | Found a shimmering altar of Xom.
  1743 | D:2      | Learned a level 2 spell: Searing Ray
  2076 | D:2      | Found a white marble altar of Elyvilon.
  2287 | D:3      | Reached skill level 4 in Dodging
  2624 | D:3      | Reached XP level 4. HP: 12/24 MP: 0/10
  3743 | D:3      | Reached XP level 5. HP: 26/28 MP: 9/11
  4289 | D:4      | Noticed Edmund
  4298 | D:4      | Killed Edmund
  4299 | D:4      | Reached skill level 5 in Dodging
  4299 | D:4      | Reached XP level 6. HP: 21/32 MP: 2/12
  4852 | D:4      | Reached skill level 6 in Dodging
  5869 | D:4      | Noticed Pikel
  5885 | D:4      | Killed Pikel
  5886 | D:4      | Reached skill level 7 in Dodging
  5886 | D:4      | Reached XP level 7. HP: 20/36 MP: 3/13
  6254 | D:5      | Entered Level 5 of the Dungeon
  6278 | D:5      | Reached skill level 8 in Dodging
  6357 | D:5      | Reached XP level 8. HP: 28/41 MP: 14/14
  6484 | D:5      | Found Peleusel's Antique Weapon Emporium.
  6725 | D:5      | Found Boecez's Assorted Antiques.
  7041 | D:5      | Reached skill level 9 in Dodging
  7238 | D:5      | Found Toistraem's Armour Shop.
  7247 | D:5      | Bought a +2 leather armour of fire resistance for 209 gold
                  | pieces
  7759 | D:6      | Found a staircase to the Ecumenical Temple.
  7807 | Temple   | Entered the Ecumenical Temple
  7995 | Temple   | Became a worshipper of Ashenzari the Shackled
  8653 | D:7      | Reached skill level 10 in Dodging
  8696 | D:7      | Found a transporter.
  8709 | D:7      | Found a transporter.
  8709 | D:7      | Noticed Zeld's ghost (novice OpTm)
  8722 | D:7      | Reached skill level 10 in Conjurations
  8728 | D:7      | Reached XP level 9. HP: 39/45 MP: 11/15
  9278 | D:7      | Found a bloodstained altar of Trog.
  9279 | D:7      | Found an ancient bone altar of Kikubaaqudgha.
  9304 | D:7      | Reached skill level 11 in Dodging
  9645 | D:7      | Reached * piety under Ashenzari
 10481 | D:8      | Reached skill level 12 in Dodging
 10485 | D:8      | Reached XP level 10. HP: 29/50 MP: 13/16
 11036 | D:9      | Noticed a two-headed ogre
 11102 | D:9      | Killed a two-headed ogre
 11521 | D:9      | Reached skill level 13 in Dodging
 11712 | D:10     | Entered Level 10 of the Dungeon
 11712 | D:10     | Reached ** piety under Ashenzari
 11949 | D:10     | Noticed an unseen horror
 11967 | D:10     | Killed an unseen horror
 12317 | D:10     | Reached skill level 14 in Dodging
 12596 | D:10     | Found a staircase to the Lair.
 12674 | D:11     | HP: 1/50 [killer bee (7)]
 13084 | D:11     | HP: 2/50 [poisoned by a killer bee]
 13747 | D:10     | Reached skill level 15 in Dodging
 13990 | D:10     | Noticed Harold
 13990 | D:10     | Paralysed by Harold for 2 turns
 14898 | D:10     | Killed Harold
 14899 | D:10     | Reached XP level 11. HP: 29/54 MP: 17/17
 15362 | D:11     | Noticed a skeletal warrior
 15362 | D:11     | Noticed a skeletal warrior
 15362 | D:11     | Noticed a skeletal warrior
 15438 | Lair:1   | Entered Level 1 of the Lair of Beasts
 15574 | Lair:1   | Reached skill level 16 in Dodging
 15777 | Lair:1   | Reached *** piety under Ashenzari
 16437 | Lair:1   | Learned a level 6 spell: Invisibility
 16647 | Lair:1   | Reached skill level 1 in Hexes
 16691 | Lair:1   | Reached skill level 1 in Fighting
 16810 | Lair:1   | Slain by a cane toad

Illustrated notes

Levels and vault maps discovered:
D:1:      dpeg_arrival_signposts, layout_loops_ring,
          chequers_serial_rivers_small_b
D:2:      layout_basic, lemuel_coloured_pillars_altar,
          gammafunk_temple_overflow_arena
D:3:      layout_rooms, gup_sewer_entry_pipe
D:4:      layout_layer_cave, nrook_mini_backslash, kennysheep_generic_room_5,
          uniq_edmund, uniq_pikel
D:5:      layout_loops_cross, serial_shops, shop, nicolae_shop_crystal, shop
D:6:      layout_cave_pods, minmay_temple_entry_drinking_statues
D:7:      layout_basic, grunt_temple_overflow_open, gammafunk_ghost_mausoleum,
          kennysheep_generic_room_10
D:8:      layout_basic
D:9:      layout_loops_ring
D:10:     layout_stronghold, david_lair_shrubbed, uniq_harold
D:11:     cheibrodos_orc_bank, layout_stronghold, serial_shops, shop,
          uniq_fannar
Temple:   regret_index_temple_sphere_string
Lair:1:   layout_gridlike

Skill      XL: |  1  2  3  4  5  6  7  8  9 10 11 |
---------------+----------------------------------+-----
Dodging        | 3 4 5 7 8 10 12 15 16 | 16.8
Conjurations   | 5 6 8 10 11 12 | 12.0
Hexes          | 2 |  2.5
Fighting       | 1 |  1.5
Stealth        | |  2.4
Spellcasting   | |  3.0

Action                   |  1- 3 |  4- 6 |  7- 9 | 10-12 || total
-------------------------+-------+-------+-------+-------++-------
Melee: Scimitar          |    15 |    55 |       |       ||    70
       Flail             |       |    16 |       |       ||    16
       Whip              |       |       |    29 |    50 ||    79
Throw: Dart              |       |     4 |     4 |     2 ||    10
 Cast: Magic Dart        |    80 |    12 |    34 |     7 ||   133
       Searing Ray       |     2 |    20 |    78 |    69 ||   169
Invok: Curse Item        |       |       |     6 |       ||     6
  Use: Potion            |     1 |     1 |       |     8 ||    10
       Scroll            |       |     3 |    18 |     3 ||    24
 Stab: Sleeping          |     1 |     2 |       |     2 ||     5
Armor: Robe              |     7 |    16 |     2 |       ||    25
       Leather armour    |       |       |    14 |    47 ||    61
Dodge: Dodged            |    37 |    92 |    70 |   238 ||   437
       Rpst.: Scimitar   |    10 |    15 |       |       ||    25
